 Dungeon Crawl Stone Soup version 0.26.0-16-gc1dbca0489 (webtiles) character file.

Game seed: 12700273530304127069

123 thiole the Sneak (level 5, 0/32 HPs)
             Began as an Octopode Hedge Wizard on Jan 21, 2021.
             Slain by a ball python (1 damage)
             ... in a sewer.
             The game lasted 00:04:33 (2522 turns).

thiole the Sneak (Octopode Hedge Wizard)            Turns: 2522, Time: 00:04:33

Health: 0/32       AC:  1    Str:  9    XL:     5   Next: 7%
Magic:  0/10       EV: 10    Int: 18    God:
Gold:   77         SH:  0    Dex: 11    Spells: 3/11 levels left

rFire    . . .     SeeInvis .   a - +1 dagger
rCold    . . .     Faith    .   (no shield)
rNeg     . . .     Spirit   .   b - +0 hat
rPois    .         Reflect  .   (no amulet)
rElec    .         Harm     .   (no ring)
rCorr    .         Rampage  .   (no ring)
Will     .....                  (no ring)
Stlth    ++++......             (no ring)
HPRegen  0.10/turn              (no ring)
MPRegen  0.12/turn              (no ring)
                                (no ring)
                                (no ring)

@: very slightly contaminated, hasted, constricted, very quick
A: almost no armour, stealthy swim, amphibious, 8 rings, constrict 8, camouflage
1, gelatinous body 1
a: no special abilities


You were in a sewer.
You visited 1 branch of the dungeon, and saw 3 of its levels.
You also visited: Sewer.

You collected 77 gold pieces.

Inventory:

Hand Weapons
 a - a +1 dagger (weapon)
Armour
 b - a +0 hat (worn)
Scrolls
 c - 2 scrolls of remove curse
 d - a scroll of enchant armour {unknown}
 e - a scroll of random uselessness {unknown}
 h - 3 scrolls of identify
 l - 3 scrolls of teleportation {unknown}
 m - a scroll of magic mapping
 n - 3 scrolls of enchant weapon
 p - a scroll of fog {unknown}
Potions
 f - a potion of cancellation
 g - 3 potions of curing
 i - a potion of degeneration {unknown}
 j - 2 potions of haste
 k - a potion of mutation {unknown}
 o - 2 potions of heal wounds {unknown}
 q - 2 potions of might {unknown}
 r - 3 potions of magic {unknown}


   Skills:
 + Level 0.6 Fighting
 - Level 2.0 Dodging
 + Level 4.2 Stealth
 + Level 3.6 Spellcasting
 - Level 2.0 Conjurations
 + Level 0.4 Hexes
 - Level 2.0 Summonings
 - Level 1.0 Translocations
 * Level 1.2 Air Magic


You had 3 spell levels left.
You knew the following spells:

 Your Spells              Type           Power        Failure   Level
a - Magic Dart            Conj           40%          7%          1
b - Call Imp              Summ           10%          11%         2
c - Slow                  Hex            4%           19%         2
d - Mephitic Cloud        Conj/Pois/Air  7%           28%         3

Your spell library contained the following spells:

 Spells                   Type           Power        Failure   Level
 Blink                    Tloc           N/A          16%         2
 Conjure Flame            Conj/Fire      6%           30%         3


Dungeon Overview and Level Annotations

Branches:
Dungeon (3/15)              Sewer (1/1)

Altars:

Annotations:
D:2 1 runed translucent door, Crazy Yiuf


Innate Abilities, Weirdness & Mutations

You cannot wear most types of armour.
You are very stealthy in the water. (Stealth+)
You are amphibious.
You can wear up to eight rings at the same time.
You can use your tentacles to constrict eight enemies at once.
Your skin changes colour to match your surroundings (Stealth+).
Your rubbery body absorbs attacks. (AC +1, EV +1)


Message History

The adder bites you. The bullfrog hits you.
Your crimson imp closely misses the bullfrog.
You hit the adder. Your grab misses the adder.
The adder is moderately wounded.
The ball python bites you. The ball python constricts you.
The bullfrog hits you!
The bullfrog hits your crimson imp but does no damage.
The adder closely misses you.
Your crimson imp hits the bullfrog.
The adder barely misses your crimson imp.
Your crimson imp hits the bullfrog.
You feel yourself speed up. The bullfrog barely misses you.
The bullfrog hits your crimson imp but does no damage.
The ball python bites you. The ball python constricts you.
The adder barely misses you. The adder bites your crimson imp.
Your crimson imp is poisoned.
The adder poisons your crimson imp! The bullfrog hits you!
* * * LOW HITPOINT WARNING * * *
Your crimson imp blinks!
Your crimson imp hits the bullfrog.
The ball python barely misses you.
You die...

###.#≈≈≈≈≈≈≈#≈#≈≈≈≈≈......#
####################....#
##...## #####...# #..'....#
#..#....# ####...##
##################....#
#≈≈l≈SS@≈≈≈≈≈≈≈≈#.....#
.≈†≈≈SFFS≈≈≈≈≈≈≈≈.....##
.†#≈≈≈≈5≈≈≈5≈≈≈≈≈≈....#
.≈≈≈≈≈≈≈≈≈≈≈≈≈≈≈≈≈....#
..≈≈≈≈≈≈..≈≈≈≈≈≈≈≈...##
.#≈≈≈≈≈≈≈≈≈≈≈≈≈≈≈#.###
###################


You could see 2 bullfrogs, 2 adders, 2 ball pythons, a frilled lizard and 2
friendly crimson imps.

Vanquished Creatures
  Robin (D:3)
  3 adders (Sewer)
  2 worms (D:3)
  3 leopard geckos
  6 bats
  A giant cockroach (D:2)
  6 goblins
  4 hobgoblins
  3 kobolds
  9 ball pythons (Sewer)
  7 frilled lizards
  30 rats
75 creatures vanquished.

Vanquished Creatures (collateral kills)
  A river rat (Sewer)
  7 goblins (D:3)
  3 hobgoblins (D:3)
  2 rats (Sewer)
13 creatures vanquished.

Grand Total: 88 creatures vanquished

Notes
Turn   | Place    | Note
-------+----------+-------------------------------------------
     0 | D:1      | thiole the Octopode Hedge Wizard began the quest for the
                  | Orb.
     0 | D:1      | Reached XP level 1. HP: 11/11 MP: 4/4
   239 | D:1      | Reached XP level 2. HP: 17/17 MP: 3/6
   599 | D:1      | Reached skill level 3 in Stealth
  1057 | D:2      | Reached XP level 3. HP: 21/21 MP: 5/7
  1060 | D:2      | Learned a level 2 spell: Call Imp
  1063 | D:2      | Learned a level 2 spell: Slow
  1067 | D:2      | Learned a level 3 spell: Mephitic Cloud
  1096 | D:2      | Found a faded altar of an unknown god.
  1578 | D:2      | Found a runed translucent door.
  1579 | D:2      | Noticed Crazy Yiuf
  1691 | D:3      | Identified the +2 helmet of Acaups {Regen+}
  1691 | D:3      | Noticed Robin
  1702 | D:3      | Killed Robin
  1717 | D:3      | Found a glowing drain.
  1726 | D:3      | Reached XP level 4. HP: 21/27 MP: 2/9
  1733 | Sewer    | Entered a sewer
  1995 | Sewer    | Reached skill level 4 in Stealth
  2261 | Sewer    | Reached skill level 1 in Air Magic
  2444 | Sewer    | Reached XP level 5. HP: 32/32 MP: 5/10
  2522 | Sewer    | HP: 1/32 [bullfrog (9)]
  2522 | Sewer    | Slain by a ball python

Illustrated notes

Levels and vault maps discovered:
D:1:      minmay_arrival_radiant_lines, layout_basic, minmay_3d_cube
D:2:      layout_basic, chequers_ecumenical_altar_simple, minmay_pentomino_p2,
          uniq_crazy_yiuf_cottage
D:3:      layout_basic, cheibrodos_sewer_entry_bend, corexii_hall_statues_i,
          uniq_robin, uniq_grinder
Sewer:    sewer_minmay_w

Skill      XL: |  1  2  3  4 |
---------------+-------------+-----
Stealth        | 3 4 |  4.2
Conjurations   | 2 |  2.0
Summonings     | 2 |  2.0
Air Magic      | 1 |  1.2
Fighting       | |  0.6
Dodging        | |  2.0
Spellcasting   | |  3.6
Hexes          | |  0.4
Translocations | |  1.0

Action                   |  1- 3 |  4- 6 || total
-------------------------+-------+-------++-------
Melee: Dagger            |    29 |    28 ||    57
       Tentacles         |     9 |     4 ||    13
       Constrict         |    10 |     7 ||    17
 Cast: Magic Dart        |    64 |    44 ||   108
       Call Imp          |     3 |     4 ||     7
  Use: Scroll            |     6 |       ||     6
       Potion            |       |     1 ||     1
Armor: Skin              |     1 |     1 ||     2
Dodge: Dodged            |    19 |    27 ||    46
